 Dungeon Crawl Stone Soup version 0.21.1-1-g345015f (webtiles) character file.

72 tidbits the Insei (level 4, 46/51 HPs)
             Began as a Gnoll Transmuter on Feb 14, 2018.
             Quit the game on level 3 of the Dungeon.
             The game lasted 00:05:54 (663 turns).

tidbits the Insei (Gnoll Transmuter)                 Turns: 663, Time: 00:05:55

Health: 46/51      AC: 22    Str: 12    XL:     4   Next: 25%
Magic:  9/11       EV:  2    Int: 17    God:
Gold:   66         SH:  0    Dex: 15    Spells: 7/13 levels left

rFire    . . .     SeeInvis .   g - -2 short sword (curse)
rCold    . . .     Gourm    .   (no shield)
rNeg     + + +     Faith    .   (armour currently unavailable)
rPois    +         Spirit   .   (helmet currently unavailable)
rElec    .         Reflect  .   (cloak currently unavailable)
rCorr    .         Harm     .   (gloves currently unavailable)
MR       .....     NoTele   +   (boots currently unavailable)
Stlth    ++........             (no amulet)
HPRegen  0.17/turn              (no ring)
MPRegen  0.12/turn              (no ring)

@: tree-form
A: distributed training, strong nose
a: no special abilities


You were on level 3 of the Dungeon.
You were not hungry.
You were a tree.
You visited 1 branch of the dungeon, and saw 3 of its levels.

You collected 66 gold pieces.

Inventory:

Hand Weapons
 g - a cursed -2 short sword (weapon)
 h - a +2 dagger of flaming
   (You took it off a goblin on level 1 of the Dungeon)
Missiles
 a - 21 arrows
 j - 4 javelins (quivered)
Armour
 b - a +0 robe (melded)
 G - a +0 pair of gloves (melded)
Wands
 d - a wand of digging (8)
Scrolls
 e - 2 scrolls of amnesia
 i - a scroll of identify
Potions
 l - a potion of agility
Books
 c - a book of Changes

   Spells                             Type                      Level
   a - Beastly Appendage              Transmutation                1
   b - Sticks to Snakes               Transmutation                2
   c - Spider Form                    Transmutation/Poison         3
   d - Ice Form                       Ice/Transmutation            4
   e - Blade Hands                    Transmutation                5
Comestibles
 f - 6 rations


   Skills:
 + Level 2.7 Fighting
 + Level 1.0 Short Blades
 + Level 1.0 Long Blades
 + Level 1.0 Axes
 + Level 1.0 Maces & Flails
 + Level 1.0 Polearms
 + Level 1.0 Staves
 + Level 1.0 Slings
 + Level 1.0 Bows
 + Level 1.0 Crossbows
 + Level 1.0 Throwing
 + Level 1.0 Armour
 + Level 4.6 Dodging
 + Level 1.0 Stealth
 + Level 1.0 Shields
 + Level 6.6 Unarmed Combat
 + Level 5.0 Spellcasting
 + Level 0.8 Conjurations
 + Level 0.8 Hexes
 + Level 0.8 Charms
 + Level 0.8 Summonings
 + Level 0.8 Necromancy
 + Level 0.8 Translocations
 + Level 3.8 Transmutations
 + Level 0.8 Fire Magic
 + Level 0.8 Ice Magic
 + Level 0.8 Air Magic
 + Level 0.8 Earth Magic
 + Level 0.8 Poison Magic
 + Level 1.1 Invocations
 + Level 1.0 Evocations


You had 7 spell levels left.
You knew the following spells:

 Your Spells              Type           Power        Failure   Level  Hunger
e - Beastly Appendage     Tmut           ###...       3%          1    None
k - Sticks to Snakes      Tmut           ###.....     4%          2    #......
p - Spider Form           Tmut/Pois      ##........   16%         3    ###....


Dungeon Overview and Level Annotations

Branches:
Dungeon (3/15)

Altars:
Nemelex Xobeh

Annotations:
D:3 execc's ghost, amateur OpBe


Innate Abilities, Weirdness & Mutations

Your experience applies equally to all skills.
((You have very sharp teeth.))
Your uncanny sense of smell can sniff out nearby items.


Message History

You open the door.
There is an open door here.
You see here a rat corpse.
You open the door.
There is an open door here.
Found a stone staircase leading down.
A goblin comes into view. It is wielding a club.
The goblin shouts!
You hear a shout!
Found an encrusted silver wand and a ration.
A kobold comes into view.
The kobold shouts!
You see here a wand of digging (8).
f - a wand of digging (8)
Casting: Spider Form
Confirm with . or Enter, or press ? or * to list all spells.
You turn into a venomous arachnid creature.
Your +0 pair of gloves melds into your body.
Your +0 robe melds into your body.
The goblin misses you.
You bite the goblin!
You kill the goblin!
Things that are here:
a club; a goblin corpse You barely miss the kobold.
The kobold closely misses you.
You barely miss the kobold. The kobold completely misses you.
You hit the kobold but do no damage.
The kobold is poisoned.
The kobold misses you.
You bite the kobold!
You kill the kobold!
Adjust (i)tems, (s)pells, or (a)bilities?
Adjust which item? (? for menu, Esc to quit)
f - a wand of digging (8) Adjust to which letter? (? for menu, Esc to quit)
d - a wand of digging (8);
f - 5 rations
As you read the scroll of identify, it crumbles to dust.
l - a potion of agility
As you read the scroll of identify, it crumbles to dust.
k - a potion of lignification You see here a ration.
f - 6 rations (gained 1)
Your transformation is almost over.
There is a stone staircase leading down here.
You climb downwards.
Found a scroll of identify.
Found a stone staircase leading down.
There is a stone staircase leading up here.
Unknown command.
Unknown command.
Found 31 bolts.
Found a stone staircase leading up.
Your transformation has ended.
Your +0 pair of gloves unmelds from your body.
Your +0 robe unmelds from your body.
You see here a scroll of identify.
Okay, then.
h - a scroll of identify Adjust (i)tems, (s)pells, or (a)bilities?
Adjust which item? (? for menu, Esc to quit)
h - a scroll of identify Adjust to which letter? (? for menu, Esc to quit)
i - a scroll of identify;
h - a dagger of flaming A rat comes into view.
A rat comes into view.
Found a scroll labeled RILOYT ILOFUCH.
Wield which item (- for none, * to show all)? (? for menu, Esc to quit)
It sticks to your hand!
g - a cursed -2 short sword (weapon)
Okay, then.
There is a stone staircase leading up here.
The rat bites you.
You climb upwards.
There is a stone staircase leading down here.
Unknown command.
Casting: Spider Form
Confirm with . or Enter, or press ? or * to list all spells.
You turn into a venomous arachnid creature.
Your cursed -2 short sword melds into your body.
Your +0 pair of gloves melds into your body.
Your +0 robe melds into your body.
The rat closely misses you.
You hit the rat.
You kill the rat!
You climb downwards.
Execc's ghost (amateur Octopode Berserker) comes into view.
Execc's ghost turns its malevolent gaze towards you.
The rat completely misses you. The rat bites you but does no damage.
There is a stone staircase leading up here.
Unknown command.
You hit the rat.
You kill the rat!
Okay, then.
Execc's ghost misses you.
Your transformation has ended.
Your cursed -2 short sword unmelds from your body.
Your +0 pair of gloves unmelds from your body.
Your +0 robe unmelds from your body.
You turn into a tree.
Your +0 pair of gloves melds into your body.
Your +0 robe melds into your body.
Your roots penetrate the ground.
Execc's ghost hits you.
Okay, then.
Okay, then.
Okay, then.
Unknown command.
Are you sure you want to abandon this character and quit the game? (Confirm with "yes".)

...... ...... ### ......
... ....# #.# ##....#
#..###.... # ...##.....#
.# #..
.......<..########.#....
.......>♣W..............
.................#.#.#.
...................#.#
#...#................#
##.................###
##..#................
##?#............#### #
.........<..##
................


You could see execc's ghost.

Vanquished Creatures
  2 adders (D:2)
  A dart slug (D:2)
  2 leopard geckos (D:2)
  4 bats
  3 giant cockroaches
  7 goblins
  2 hobgoblins (D:1)
  9 jackals (D:1)
  A ball python (D:2)
  A frilled lizard (D:1)
  A kobold (D:2)
  7 rats
40 creatures vanquished.

Vanquished Creatures (collateral kills)
  An adder (D:2)
1 creature vanquished.

Grand Total: 41 creatures vanquished

Notes
Turn   | Place    | Note
-------+----------+-------------------------------------------
     0 | D:1      | tidbits the Gnoll Transmuter began the quest for the Orb.
     0 | D:1      | Reached XP level 1. HP: 17/17 MP: 6/6
    97 | D:1      | Reached XP level 2. HP: 18/23 MP: 7/7
   107 | D:1      | Learned a level 2 spell: Sticks to Snakes
   226 | D:1      | Reached XP level 3. HP: 11/28 MP: 7/9
   231 | D:1      | Learned a level 3 spell: Spider Form
   257 | D:1      | Reached skill level 5 in Spellcasting
   332 | D:2      | Found a sparkling altar of Nemelex Xobeh.
   367 | D:2      | Reached skill level 1 in Invocations
   526 | D:2      | Reached skill level 1 in Short Blades
   526 | D:2      | Reached skill level 1 in Long Blades
   526 | D:2      | Reached skill level 1 in Axes
   526 | D:2      | Reached skill level 1 in Maces & Flails
   526 | D:2      | Reached skill level 1 in Polearms
   526 | D:2      | Reached skill level 1 in Staves
   526 | D:2      | Reached skill level 1 in Slings
   526 | D:2      | Reached skill level 1 in Bows
   526 | D:2      | Reached skill level 1 in Crossbows
   526 | D:2      | Reached skill level 1 in Throwing
   526 | D:2      | Reached skill level 1 in Armour
   526 | D:2      | Reached skill level 1 in Stealth
   526 | D:2      | Reached skill level 1 in Shields
   526 | D:2      | Reached skill level 1 in Evocations
   556 | D:2      | Reached XP level 4. HP: 34/34 MP: 7/11
   657 | D:3      | Noticed execc's ghost (amateur OpBe)
   663 | D:3      | Quit the game

Skill      XL: |  1  2  3 |
---------------+----------+-----
Spellcasting   | 5 |  5.0
Invocations    | 1 |  1.1
Short Blades   | 1 |  1.0
Long Blades    | 1 |  1.0
Axes           | 1 |  1.0
Maces & Flails | 1 |  1.0
Polearms       | 1 |  1.0
Staves         | 1 |  1.0
Slings         | 1 |  1.0
Bows           | 1 |  1.0
Crossbows      | 1 |  1.0
Throwing       | 1 |  1.0
Armour         | 1 |  1.0
Stealth        | 1 |  1.0
Shields        | 1 |  1.0
Evocations     | 1 |  1.0
Fighting       | |  2.7
Dodging        | |  4.6
Unarmed Combat | |  6.6
Conjurations   | |  0.8
Hexes          | |  0.8
Charms         | |  0.8
Summonings     | |  0.8
Necromancy     | |  0.8
Translocations | |  0.8
Transmutations | |  3.8
Fire Magic     | |  0.8
Ice Magic      | |  0.8
Air Magic      | |  0.8
Earth Magic    | |  0.8
Poison Magic   | |  0.8

Action                   |  1- 3 |  4- 6 || total
-------------------------+-------+-------++-------
Melee: Unarmed           |    82 |    12 ||    94
       Kick              |     2 |       ||     2
       Bite              |     3 |       ||     3
       Headbutt          |     2 |       ||     2
 Cast: Beastly Appendage |     7 |       ||     7
       Sticks to Snakes  |     1 |       ||     1
       Spider Form       |    11 |     2 ||    13
  Use: Potion            |     1 |     1 ||     2
       Scroll            |     3 |     2 ||     5
 Stab: Sleeping          |     3 |     1 ||     4
Armor: Robe              |     8 |     1 ||     9
       Skin              |     1 |     1 ||     2
Dodge: Dodged            |    66 |     9 ||    75

Table legend:
 A = Turns spent in this place as a percentage of turns spent in the entire game.
 B = Non-inter-level travel turns spent in this place as a percentage of non-inter-level travel turns spent in the entire game.
 C = Inter-level travel turns spent in this place as a percentage of turns spent in this place.
 D = Turns resting spent in this place as a percentage of non-inter-level travel turns spent in this place.
 E = Turns spent auto-exploring this place as a percentage of non-inter-level travel turns spent in this place.
 F = Non-inter-level travel turns spent in this place divided by the number of levels of this place that you've seen.
                   A       B       C       D       E      F
               +-------+-------+-------+-------+-------+----------------------
         Total | 100.0 | 100.0 |   2.1 |   0.0 |   0.0 | 216.3
       Dungeon | 100.0 | 100.0 |   2.1 |   0.0 |   0.0 | 216.3
               +-------+-------+-------+-------+-------+----------------------

Table legend:
 A = Kills in this place as a percentage of kills in entire the game.
 B = Kills by you in this place as a percentage of kills by you in the entire game.
 C = Kills by friends in this place as a percentage of kills by friends in the entire game.
 D = Other kills in this place as a percentage of other kills in the entire game.
 E = Experience gained in this place as a percentage of experience gained in the entire game.
 F = Experience gained in this place divided by the number of levels of this place that you have seen.
                   A       B       C       D       E      F
               +-------+-------+-------+-------+-------+----------------------
         Total | 100.0 | 100.0 | 100.0 |   N/A | 100.0 |  34.3
       Dungeon | 100.0 | 100.0 | 100.0 |   N/A | 100.0 |  34.3
               +-------+-------+-------+-------+-------+----------------------

Vault maps used:
D:1:      onia_arrival_pyramid, serial_glass, glass_columns_b, glass_columns_b,
          amethyst_killhole, hex_tiny
D:2:      lemuel_round_altar, first_ration, kennysheep_generic_room_9,
          uniq_jessica, uniq_natasha
D:3:      lightli_temple_of_fire
